 Dungeon Crawl Stone Soup version 0.31-a0-640-g39d97e502b (webtiles) character file.

Game seed: 14877439281175280318

178 GordonOverkill the Sneak (level 5, -1/29 HPs)
             Began as a Vine Stalker Delver on Aug 28, 2023.
             Slain by an ogre
             ... wielding a +0 giant spiked club
              (15 damage)
             ... on level 3 of the Dungeon.
             The game lasted 00:05:26 (2566 turns).

GordonOverkill the Sneak (Vine Stalker Delver)      Turns: 2566, Time: 00:05:26

Health: -1/29      AC: 12    Str: 16    XL:     5   Next: 58%
Magic:  0/6        EV:  4    Int: 10    God:
Gold:   144        SH:  0    Dex: 16    Spells: 4/4 levels left

rFire   . .          .
                       - Unarmed
rCold   . . .        (no shield)
rNeg    . . .        o - +0 plate armour
rPois   .            m - +2 hat
rElec   .            (no cloak)
rCorr   .            (no gloves)
SInv    +            (no boots)
Will    .....        (no amulet) Stlth
                     l - ring of see invisible
HPRegen 1.04/turn    (no ring)
MPRegen 0.10/turn

%: guardian spirit
@: hasted, very quick
A: fangs 2, regeneration 1, magic shield, antimagic bite, no potion heal 2
a: no special abilities


You were on level 3 of the Dungeon.
You visited 1 branch of the dungeon, and saw 5 of its levels.

You collected 144 gold pieces.

Inventory:

Missiles
 j - 4 poisoned darts (quivered)
Armour
 m - a +2 hat (worn)
 n - a +0 helmet
 o - a +0 plate armour (worn)
Jewellery
 l - a ring of see invisible (left hand)
Talismans
 h - a serpent talisman
Wands
 f - a wand of digging (3)
Scrolls
 b - a scroll of fog
 c - a scroll of revelation
 d - a scroll of identify {unknown}
Potions
 g - 2 potions of lignification {unknown}
 i - 2 potions of mutation {unknown}
 k - a potion of degeneration {unknown}


   Skills:
 - Level 4.0 Fighting
 - Level 1.0 Throwing
 - Level 1.5 Dodging
 - Level 6.0 Stealth
 - Level 3.0 Unarmed Combat
 + Level 2.6 Shapeshifting


You had 4 spell levels left.
You didn't know any spells.
Your spell library contained the following spells:

 Spells                   Type           Power      Damage    Failure   Level
 Tukima's Dance           Hex            0%         N/A       100%        3
 Passage of Golubria      Tloc           0%         N/A       100%        4
 Fireball                 Conj/Fire      0%         3d3       100%        5
 Iskenderun's Battlesphe  Conj           0%         2d6       100%        5
 Yara's Violent Unravell  Hex/Tmut       0%         3d3       100%        5
 Conjure Ball Lightning   Conj/Air       0%         3x3d6     100%        6
 Orb of Destruction       Conj           0%         9d5       100%        7


Dungeon Overview and Level Annotations

Branches:
Dungeon (5/15)
 Temple: D:4-7

Altars:
Vehumet

Shops:
D:2 :


Innate Abilities, Weirdness & Mutations

You have extremely sharp teeth.
Your natural rate of healing is unusually fast.
When hurt, damage is shared between your health and your magic reserves.
Your bite disrupts and absorbs the magic of your enemies.
Potions cannot restore your health.


Message History

A goblin is nearby!
A goblin is nearby!
A goblin is nearby!
Found a ring mail and a long sword.
The goblin hits you with a +0 club.
You hit the goblin.
You kill the goblin!
No target in view!
No target in view!
An ogre comes into view. It is wielding a +0 giant spiked club.
The ogre shouts!
You see here a +0 club.
An ogre is nearby!
An ogre is nearby!
Okay, then.
A dart slug comes into view.
There is a stone staircase leading up here.
The ogre hits you with a +0 giant spiked club!
* * * LOW HITPOINT WARNING * * *
You climb upwards.
There is a stone staircase leading down here.
You feel yourself speed up.
You hit the ogre. You bite the ogre. You drain its power.
You feel invigorated.
The ogre is moderately wounded.
The ogre hits you with a +0 giant spiked club!
* * * LOW HITPOINT WARNING * * *
You hit the ogre. You bite the ogre, but do no damage.
The ogre is moderately wounded.
You hit the ogre. Your punch misses the ogre. Your bite misses the ogre.
The ogre is severely wounded.
You barely miss the ogre.
The ogre is severely wounded.
The ogre barely misses you.
You hit the ogre but do no damage. You bite the ogre, but do no damage.
The ogre is severely wounded.
You hit the ogre. You bite the ogre. You drain its power.
You feel invigorated.
The ogre is almost dead.
The ogre hits you with a +0 giant spiked club!!
Ouch! That really hurt!
You die...

...[.....# #.........#
.........#####.........#
.........+..##.........#
.........##.##.........#
..........#.##.........#
..........#.##.........#
..........#.##.........#
##.....(..#.##.O.......#
.+.....^..'.....@......#
##........#.#..........#
##........#.#.)........##
....#####.#.#.#.........#
...## #.#.#.#..######.#
...# #.#.#.#..######.#
...### #.#.#...........#
.....####.#.#...........#
.†##......#.#...........#


You could see an ogre.

Vanquished Creatures
  An iguana (D:4)
  Robin (D:2)
  6 adders
  A dart slug (D:3)
  7 endoplasms
  3 giant cockroaches
  16 goblins
  8 hobgoblins
  4 jackals (D:3)
  4 quokkas
  3 ball pythons
  4 bats
  5 frilled lizards
  8 kobolds
  7 rats
78 creatures vanquished.

Notes
Turn   | Place    | Note
-------+----------+-------------------------------------------
     0 | D:5      | GordonOverkill the Vine Stalker Delver began the quest for
                  | the Orb.
     0 | D:5      | Reached XP level 1. HP: 11/11 MP: 2/2
   257 | D:5      | Noticed an ice beast
   362 | D:4      | Noticed an ogre
   451 | D:1      | Reached XP level 2. HP: 16/16 MP: 3/3
   690 | D:1      | Reached XP level 3. HP: 18/20 MP: 4/4
   723 | D:1      | Found a faded altar of an unknown god.
  1280 | D:2      | Noticed Robin
  1311 | D:2      | Killed Robin
  1357 | D:2      | Found Zuixeg's Book Boutique.
  1424 | D:2      | Found a radiant altar of Vehumet.
  1436 | D:2      | Reached skill level 1 in Shapeshifting
  1439 | D:2      | Gained mutation: Your natural rate of healing is unusually
                  | fast. [Vine Stalker growth]
  1439 | D:2      | Reached XP level 4. HP: 24/24 MP: 5/5
  1582 | D:2      | Reached skill level 1 in Throwing
  1941 | D:3      | Reached XP level 5. HP: 23/29 MP: 6/6
  2551 | D:4      | Noticed an ogre
  2566 | D:3      | Slain by an ogre

Illustrated notes

Levels and vault maps discovered:
D:1:      dpeg_arrival_court, layout_rooms, shapermc_ecumenical_altar_acropolis
D:2:      layout_basic, serial_shops, nicolae_shop_waterfront, basic_altar,
          uniq_robin
D:3:      layout_basic, corexii_shack
D:4:      layout_basic, led_sif_pool, nicolae_vehumet_radiance,
          minmay_starry_boxes
D:5:      layout_rooms, grunt_temple_overflow_open, minmay_temple_entry_statues

Skill      XL: |  1  2  3  4  5 |
---------------+----------------+-----
Fighting       | 3 4 |  4.0
Shapeshifting  | 1 2 |  2.6
Unarmed Combat | 3 |  3.0
Throwing       | 1 |  1.0
Dodging        | |  1.5
Stealth        | |  6.0

Action                     |  1- 3 |  4- 6 || total
---------------------------+-------+-------++-------
  Melee: Unarmed           |   129 |   153 ||   282
         Bite              |    23 |    35 ||    58
         Punch             |     4 |     4 ||     8
  Throw: Dart              |       |     1 ||     1
    Use: Scroll            |       |     1 ||     1
         Potion            |       |     1 ||     1
   Stab: Sleeping          |     7 |     5 ||    12
         Distracted        |       |     1 ||     1
 Armour: Leather armour    |    34 |    60 ||    94
         Plate armour      |       |     9 ||     9
  Dodge: Dodged            |    57 |    78 ||   135
         Form:             |       |     1 ||     1
         Anaconda          |       |     1 ||     1

Table legend: (Time is in decaauts)
 A = Elapsed time spent in this place.
 B = Non-inter-level travel time spent in this place.
 C = Inter-level travel time spent in this place.
 D = Time resting spent in this place.
 E = Time spent auto-exploring this place.
 F = Levels seen in this place.
 G = Mean time per level.
                   A        B        C        D        E       F      G
               +--------+--------+--------+--------+--------+-----+--------+
         Total |   2553 |   2447 |    106 |    352 |   1089 |   5 |  510.6 |
       Dungeon |   2553 |   2447 |    106 |    352 |   1089 |   5 |  510.6 |
               +--------+--------+--------+--------+--------+-----+--------+

Top non-repeatable levels by time:
     D:3: 787 daAuts
     D:1: 662 daAuts
     D:2: 646 daAuts
     D:4: 407 daAuts
     D:5: 49 daAuts
